 Dungeon Crawl Stone Soup version 0.24.0-10-g970556be89 (webtiles) character file.

Game seed: 9919026520183551187, levelgen mode: deterministic

213 Kairok the Sneak (level 5, 10/27 HPs)
             Began as a Vine Stalker Assassin on Nov 4, 2019.
             Starved to death
             ... on level 3 of the Dungeon.
             The game lasted 00:04:08 (1801 turns).

Kairok the Sneak (Vine Stalker Assassin)            Turns: 1801, Time: 00:04:08

Health: 10/27      AC:  9    Str: 13    XL:     5   Next: 90%
Magic:  3/6        EV:  6    Int: 11    God:
Gold:   98         SH:  0    Dex: 17    Spells: 4/4 levels left

rFire    . . .     SeeInvis .   s - +1 dagger (protect)
rCold    . . .     Gourm    .   (no shield)
rNeg     . . .     Faith    .   p - +0 chain mail (curse)
rPois    +         Spirit   +   (no helmet)
rElec    .         Reflect  .   c - +0 cloak
rCorr    .         Harm     .   (no gloves)
MR       .....                  (no boots)
Stlth    ..........             (no amulet)
HPRegen  0.49/turn              h - ring of poison resistance
MPRegen  0.10/turn              (no ring)

@: fainting
A: fangs 2, regeneration 1, magic shield, antimagic bite, no potion heal 3, rot
immunity
a: no special abilities


You were on level 3 of the Dungeon.
You were fainting.

You visited 1 branch of the dungeon, and saw 3 of its levels.

You collected 98 gold pieces.

Inventory:

Hand Weapons
 a - a +2 dagger
 s - a +1 dagger of protection (weapon)
Missiles
 d - 7 poisoned darts
 e - 2 curare-tipped darts (quivered)
 q - 4 silver boomerangs
Armour
 b - a +0 robe
 c - a +0 cloak (worn)
 j - a +0 leather armour
 n - a +0 ring mail
 p - a cursed +0 chain mail (worn)
Jewellery
 h - a ring of poison resistance (left hand)
Wands
 f - a wand of iceblast (6)
 o - a wand of clouds (1)
Scrolls
 i - 2 scrolls of teleportation
 t - a scroll of enchant weapon {unknown}
Potions
 g - 2 potions of berserk rage {unknown}
 k - 2 potions of lignification {unknown}
 l - a potion of haste {unknown}
 m - a potion of heal wounds {unknown}
 r - a potion of mutation {unknown}


   Skills:
 + Level 2.4 Fighting
 + Level 2.8 Short Blades
 + Level 2.1 Throwing
 + Level 2.0 Armour
 + Level 1.0 Dodging
 + Level 6.4 Stealth
 + Level 0.2 Evocations


You had 4 spell levels left.
You didn't know any spells.
Your spell library was empty.

Dungeon Overview and Level Annotations

Branches:
Dungeon (3/15)

Altars:
Ashenzari
The Shining One


Innate Abilities, Weirdness & Mutations

You have extremely sharp teeth.
Your natural rate of healing is unusually fast.
When hurt, damage is shared between your health and your magic reserves.
Your bite disrupts and absorbs the magic of your enemies.
Potions cannot restore your health.
You are immune to rotting.


Message History

The orc is moderately wounded.
You feel sick.
You are no longer poisoned.
You hit the orc but do no damage. Your bite misses the orc.
The orc is moderately wounded.
The orc hits you but does no damage.
Unknown command.
Evoke which item? (* to show all) (? for menu, Esc to quit)
Aiming: Iceblast
Press: ? - help, Shift-Dir - straight line The mass of ice explodes!
The iceblast engulfs the orc!
You kill the orc!
You're too hungry to rest.
You're too hungry to rest.
You're too hungry to rest.
You're too hungry to rest.
You're too hungry to rest.
You see here a +0 leather armour.
You have starved to death.
You die...

....#.....$...#....#
.###.#.......#####.# ..
#.......# ..# .
+..._...+ .... ### . #
#.......# .. .# #<.
....#.###...☼§..#.# .
#.#
#.........☼§...#....
#.#
.......#⌠.##§#..⌠...#
#.#
.......####.○@####....#
#.# #.##... #.[.# ..###
#.# # #.## #...# ..#
#.# #. ##### .# #.# #


There were no monsters in sight!

Vanquished Creatures
  A hungry ghost (D:3)
  2 adders
  2 gnolls (D:2)
  2 oozes (D:1)
  A worm (D:2)
  A dart slug (D:1)
  An orc (D:3)
  2 bats (D:1)
  A giant cockroach (D:1)
  4 hobgoblins
  5 quokkas
  2 frilled lizards
  5 goblins
  4 kobolds
  5 rats
38 creatures vanquished.

Notes
Turn   | Place    | Note
-------+----------+-------------------------------------------
     0 | D:1      | Kairok the Vine Stalker Assassin began the quest for the
                  | Orb.
     0 | D:1      | Reached XP level 1. HP: 11/11 MP: 2/2
   111 | D:1      | Reached skill level 5 in Stealth
   187 | D:1      | Reached XP level 2. HP: 15/15 MP: 3/3
   553 | D:1      | Reached XP level 3. HP: 16/18 MP: 4/4
   900 | D:2      | Gained mutation: Your natural rate of healing is unusually
                  | fast. [Vine Stalker growth]
   900 | D:2      | Reached XP level 4. HP: 2/23 MP: 1/5
  1169 | D:2      | Reached skill level 6 in Stealth
  1415 | D:2      | Found a glowing golden altar of the Shining One.
  1721 | D:3      | Found a shattered altar of Ashenzari.
  1721 | D:3      | Noticed a hungry ghost
  1750 | D:3      | Killed a hungry ghost
  1750 | D:3      | Reached skill level 1 in Armour
  1750 | D:3      | Reached skill level 1 in Dodging
  1750 | D:3      | Reached XP level 5. HP: 15/27 MP: 3/6
  1779 | D:3      | Paralysed by fainting for 9 turns
  1801 | D:3      | Starved to death

Levels and vault maps discovered:
D:1:      scummos_arrival_checkerplants, layout_rooms
D:2:      wad_woods_tower, layout_basic, lemuel_doored_altar
D:3:      layout_loops_ring, evilmike_ruin_ashenzari, zin_scriptorium

Skill      XL: |  1  2  3  4  5 |
---------------+----------------+-----
Stealth        | 5 6 |  6.4
Fighting       | 2 |  2.4
Short Blades   | 2 |  2.8
Throwing       | 2 |  2.1
Armour         | 1 2 |  2.0
Dodging        | 1 |  1.0
Evocations     | |  0.2

Action                   |  1- 3 |  4- 6 || total
-------------------------+-------+-------++-------
Melee: Dagger            |    62 |    67 ||   129
       Bite              |    10 |    15 ||    25
Throw: Dart              |     9 |       ||     9
Evoke: Wand              |       |     5 ||     5
  Use: Scroll            |     1 |       ||     1
 Stab: Sleeping          |     6 |       ||     6
       Distracted        |     1 |       ||     1
  Eat: Ration            |       |     1 ||     1
       Chunk             |       |     1 ||     1
Armor: Leather armour    |    22 |       ||    22
       Chain mail        |       |    62 ||    62
Dodge: Dodged            |    46 |    25 ||    71
